 Dungeon Crawl Stone Soup version 0.16.1-4-g8e1b745 (webtiles) character file.

5 RobertPalmer the Shield-Bearer (level 1, 0/18 HPs)
             Began as a Formicid Fighter on Mar 27, 2015.
             Succumbed to a goblin's poison
             ... on level 1 of the Dungeon.
             The game lasted 00:00:21 (105 turns).

RobertPalmer the Shield-Bearer (Formicid Fighter)    Turns: 105, Time: 00:00:21

Health: 0/18       AC:  6    Str: 20    XL:     1   Next: 88%
Magic:  1/1        EV:  7    Int:  7    God:
Gold:   0          SH:  9    Dex: 10    Spells: 0 memorised, 0 levels left

rFire  . . .     SeeInvis +     a - +0 war axe
rCold  . . .     Clarity  .     b - +0 scale mail
rNeg   . . .     SustAb   .     c - +0 shield
rPois  .         Gourm    .     (helmet unavailable)
rElec  .         Spirit   .     (no cloak)
rCorr  .         Warding  .     (no gloves)
rMut   .         Stasis   +     (no boots)
MR     .....                    (no amulet)
Stlth  ..........               (no ring)
                                (no ring)

@: lethally poisoned (0 -> -36), not resistant to hostile enchantments,
extremely unstealthy
A: permanent stasis, dig shafts and tunnels, four strong arms, antennae 3
a: Dig, Shaft Self


You were on level 1 of the Dungeon.
You were not hungry.

You visited 1 branch of the dungeon, and saw 1 of its levels.

Inventory:

Hand weapons
 a - a +0 war axe (weapon)
Armour
 b - a +0 scale mail (worn)
 c - a +0 shield (worn)
Potions
 e - a potion of might
Comestibles
 d - a bread ration {@e1}


   Skills:
 - Level 3.2 Fighting
 + Level 2.5 Axes
 - Level 3.2 Armour
 - Level 3.6 Shields


You couldn't memorise any spells.
You didn't know any spells.

Dungeon Overview and Level Annotations

Branches:
Dungeon (1/15)

Altars:


Innate Abilities, Weirdness & Mutations

You are under a permanent stasis effect.
You can dig through walls and to a lower floor.
Your four strong arms can wield two-handed weapons with a shield.
You have a pair of large antennae on your head (SInv).


Message History

You sense a monster nearby.
The kobold shouts!
You sense a monster nearby.
The centaur shouts!
The demigod shouts!
You sense a monster nearby.
Failed to move towards target.
You sense a monster nearby.
You sense a monster nearby.
The halfling shouts!
The troll shouts!
The human shouts!
The formicid twitches its antennae in your direction.
You open the door.
There is an open door here.
A rat comes into view.
A rat is nearby!
A rat is nearby!
The rat bites you but does no damage.
A rat is nearby!
You hit the rat. The rat barely misses you.
A rat is nearby!
Your scale mail prevents you from hitting the rat.
The rat bites you but does no damage. You block the rat's attack.
A rat is nearby!
You closely miss the rat. The rat barely misses you.
A rat is nearby!
You barely miss the rat. You block the rat's attack. The rat barely misses you.
A rat is nearby!
You hit the rat!
You kill the rat!
Found a stone staircase leading down.
No target in view!
No target in view!
A bat comes into view.
The bat hits you but does no damage.
A bat is nearby!
You hit the bat but do no damage. You block the bat's attack.
The bat closely misses you. You block the bat's attack.
A bat is nearby!
The bat closely misses you.
A bat is nearby!
You block the bat's attack. The bat barely misses you.
The bat hits you but does no damage.
A bat is nearby!
You hit the bat.
You kill the bat!
A goblin comes into view. It is wielding a club.
The goblin shouts!
A goblin is nearby!
A goblin is nearby!
A goblin is nearby!
You hit the goblin but do no damage. The goblin hits you but does no damage.
A goblin is nearby!
You hit the goblin.
You kill the goblin!
Things that are here:
a club; a goblin corpse No target in view!
A goblin comes into view. It is wielding a dagger of venom.
The goblin shouts!
A kobold comes into view. It is wielding a short sword.
The kobold shouts!
There are monsters nearby!
There are monsters nearby!
The goblin hits you with a dagger of venom.
You take 1 damage, and have 17/18 hp.
There are monsters nearby!
You barely miss the goblin. You miss the kobold.
The kobold hits you with a short sword. The goblin hits you but does no damage.
You are poisoned.
The kobold completely misses you.
You take 2 damage, and have 15/18 hp.
You hit the goblin but do no damage. You hit the kobold.
You feel sick. The goblin barely misses you.
The kobold hits you but does no damage. The goblin hits you but does no damage.
You are more poisoned.
You take 1 damage, and have 14/18 hp.
You feel sick.
You take 1 damage, and have 13/18 hp.
You closely miss the goblin.
You feel sick. The goblin hits you but does no damage.
You are lethally poisoned!
You take 1 damage, and have 12/18 hp.
You hit the goblin.
You feel sick.
The goblin hits you with a dagger of venom.
You are more poisoned.
The goblin hits you but does no damage.
You are more poisoned.
You take 4 damage, and have 8/18 hp.
MASSIVE DAMAGE!!
Drink which item? (? for menu, Esc to quit)
Okay, then.
You hit the goblin!
You kill the goblin!
* * * LOW HITPOINT WARNING * * *
You feel very sick.
You take 4 damage, and have 4/18 hp.
MASSIVE DAMAGE!!
You hit the kobold!
You kill the kobold!
You die...

###.### #K#.#e# ###.###
#c#.#p# . ####
###.###..# ....[
#V#.#g#..# ..[...
###.###..# #......
#M#.#n#..#####.......#
###.###..#..@).......#
#p#.#T#..#.###.......#
###.###..#.###.......
.#p#.#a#..........[...
##.###'###.)############
......#.#........#
..........##.....#
#.##....#.##.....###
......#.#.##.......#


There were no monsters in sight!

Vanquished Creatures
  A bat (D:1)
  A kobold (D:1)
  2 goblins (D:1)
  A rat (D:1)
5 creatures vanquished.

Notes
Turn   | Place    | Note
--------------------------------------------------------------
     0 | D:1      | RobertPalmer, the Formicid Fighter, began the quest for the Orb.
     0 | D:1      | Reached XP level 1. HP: 18/18 MP: 1/1
     2 | D:1      | Noticed an ogre
     2 | D:1      | Noticed a demonspawn
     4 | D:1      | Noticed a vine stalker
     4 | D:1      | Noticed an octopode
    10 | D:1      | Noticed a tengu
    10 | D:1      | Noticed a naga
    12 | D:1      | Noticed a draconian
    12 | D:1      | Noticed a felid
    16 | D:1      | Noticed a gargoyle
    16 | D:1      | Noticed a minotaur
    20 | D:1      | Noticed a spriggan
    20 | D:1      | Noticed a merfolk
    24 | D:1      | Noticed an elf
    28 | D:1      | Noticed a centaur
    28 | D:1      | Noticed a demigod
    30 | D:1      | Noticed a vampire
    30 | D:1      | Noticed a dwarf
    34 | D:1      | Noticed a ghoul
    38 | D:1      | Noticed a troll
    40 | D:1      | Noticed a human
    40 | D:1      | Noticed a formicid
   104 | D:1      | HP: 4/18 [poisoned by a goblin]
   105 | D:1      | Succumbed to a goblin's poison

Action                   || total
-------------------------++-------
Melee: War axe           ||    15

Vault maps used:
D:1:      kb_arrival_jail

Table legend:
 A = Turns spent in this place as a percentage of turns spent in the entire game.
 B = Non-inter-level travel turns spent in this place as a percentage of non-inter-level travel turns spent in the entire game.
 C = Inter-level travel turns spent in this place as a percentage of turns spent in this place.
 D = Turns resting spent in this place as a percentage of non-inter-level travel turns spent in this place.
 E = Turns spent auto-exploring this place as a percentage of non-inter-level travel turns spent in this place.
 F = Non-inter-level travel turns spent in this place divided by the number of levels of this place that you've seen.
                   A       B       C       D       E      F
               +-------+-------+-------+-------+-------+----------------------
         Total | 100.0 | 100.0 |   0.0 |   0.0 |  23.5 |  81.0
       Dungeon | 100.0 | 100.0 |   0.0 |   0.0 |  23.5 |  81.0
               +-------+-------+-------+-------+-------+----------------------

Table legend:
 A = Kills in this place as a percentage of kills in entire the game.
 B = Kills by you in this place as a percentage of kills by you in the entire game.
 C = Kills by friends in this place as a percentage of kills by friends in the entire game.
 D = Other kills in this place as a percentage of other kills in the entire game.
 E = Experience gained in this place as a percentage of experience gained in the entire game.
 F = Experience gained in this place divided by the number of levels of this place that you have seen.
                   A       B       C       D       E      F
               +-------+-------+-------+-------+-------+----------------------
         Total | 100.0 | 100.0 |  -nan |  -nan | 100.0 |   8.0
       Dungeon | 100.0 | 100.0 |  -nan |  -nan | 100.0 |   8.0
               +-------+-------+-------+-------+-------+----------------------
